 Dungeon Crawl Stone Soup version 0.30-a0-142-g7370640ec8 (webtiles) character file.

Game seed: 2118741388659313156

493 qw the Chopper (level 7, -2/44 HPs)
             Began as a Gargoyle Fighter on Sept 26, 2022.
             Slain by a wraith (10 damage)
             ... on level 7 of the Dungeon.
             The game lasted 00:01:23 (3953 turns).

qw the Chopper (Gargoyle Fighter)                   Turns: 3953, Time: 00:01:24

Health: -2/44      AC: 14    Str: 21    XL:     7   Next: 15%
Magic:  7/7        EV:  9    Int: 12    God:
Gold:   150        SH:  4    Dex:  8    Spells: 6/6 levels left

rFire   . . .      SeeInvis .    Y - +0 war axe
rCold   . . .      Faith    .    c - +0 buckler
rNeg    + . .      Spirit   .    b - +0 scale mail
rPois   inf        Reflect  .    (no helmet)
rElec   +          Harm     .    (no cloak)
rCorr   +          Rampage  .    (no gloves)
Will    .....                    k - +1 pair of boots
Stlth   ..........               (no amulet)
HPRegen 0.14/turn                e - ring of resist corrosion
MPRegen 0.10/turn                (no ring)

@: slowed, very slow
A: sickness immunity, AC +4, negative energy resistance 1, electricity
resistance, torment resistance 1, petrification resistance, clever 1, shaggy fur
1
a: no special abilities


You were on level 7 of the Dungeon.
You visited 1 branch of the dungeon, and saw 5 of its levels.

You collected 150 gold pieces.


Innate Abilities, Weirdness & Mutations

You are immune to sickness and miasma.
Your stone body is resilient. (AC +4)
You are immune to poison.
You resist negative energy. (rN+)
You are resistant to electric shocks. (rElec)
You are resistant to unholy torment.
You are immune to petrification.
Your mind is acute. (Int +4, Str/Dex -1)
You are covered in fur. (AC +1)


   Skills:
 - Level 4.6 Fighting
 + Level 6.0 Axes
 - Level 3.2 Armour
 - Level 1.3 Dodging
 - Level 3.2 Shields


You had 6 spell levels left.
You didn't know any spells.
Your spell library was empty.

Inventory:

Hand Weapons
 h - the +7 whip of Tender Mercy {antimagic, rF+ Int+4 Dex+3}
   (You found it on level 4 of the Dungeon)

   It reduces the magical energy of the wielder, and disrupts the spells and
   magical abilities of those it strikes.
   Natural abilities and divine invocations are not affected.
   Int:       It affects your intelligence (+4).
   Dex:       It affects your dexterity (+3).
   rF:        It protects you from fire.
 Y - a +0 war axe (weapon)
Missiles
 n - 3 boomerangs (quivered)
Armour
 b - a +0 scale mail (worn)
 c - a +0 buckler (worn)
 i - a +0 chain mail
 j - the +2 robe of Iroewicw {rF++ Int-3}
   (You found it on level 3 of the Dungeon)

   Int:       It affects your intelligence (-3).
   rF:        It greatly protects you from fire.
 k - a +1 pair of boots (worn)
 p - a +0 plate armour
Jewellery
 e - a ring of resist corrosion (left hand)
Scrolls
 a - 4 scrolls of identify
Potions
 d - a potion of might
 f - a potion of attraction {unknown}
 g - 6 potions of curing
 l - a potion of haste
 m - 2 potions of mutation
 o - a potion of magic {unknown}

Dungeon Overview and Level Annotations

Branches:
Dungeon (4/15)
 Temple: D:4-7

Altars:
Elyvilon
Trog
Wu Jian
Zin
The Shining One

Annotations:
D:2 1 runed translucent door, Crazy Yiuf


Message History

Throw: 3 boomerangs
Press: ? - help, Q - select action Shift-Dir - straight line, f - wraith You throw a boomerang.
The boomerang closely misses the wraith.
Throw: 3 boomerangs
Press: ? - help, Q - select action Shift-Dir - straight line, f/p - wraith You throw a boomerang.
The boomerang hits the wraith but does no damage.
Throw: 3 boomerangs
Press: ? - help, Q - select action Shift-Dir - straight line, f/p - wraith You throw a boomerang.
The boomerang hits the wraith but does no damage.
You closely miss the wraith. The wraith hits you!
The wraith drains your vigour!
You feel yourself slow down. You block the wraith's attack.
You completely miss the wraith. The wraith hits you!
You hit the wraith but do no damage. The wraith barely misses you.
The wraith hits you.
You barely miss the wraith. You block the wraith's attack. The wraith hits you.
You completely miss the wraith. The wraith barely misses you.
The wraith hits you but does no damage.
You slash the wraith!
The wraith is moderately damaged.
The wraith barely misses you. The wraith hits you but does no damage.
You barely miss the wraith.
The wraith is moderately damaged.
You feel yourself speed up. The wraith hits you!
The wraith hits you but does no damage.
You hit the wraith.
The wraith is moderately damaged.
The wraith hits you but does no damage.
You hit the wraith but do no damage.
The wraith is moderately damaged.
The wraith hits you! The wraith drains your vigour!
You feel yourself slow down.
You barely miss the wraith.
The wraith is moderately damaged.
The wraith hits you but does no damage. The wraith hits you!
You die...

#. ##....##......## #.
#.....#.........
#.##...............
.###.#.#...##........#
...........###..#.....
#........##..######
#........#...###.#
##...###.....[#...)
#.@.###....##....##
#.....W###
#....#....### #......
##...#...## #......
.#...#...# ......#
#.#...#...#. ......
#$#..#.#..#.# ...... !
#..#.#..# ( ......
#..#.#..# ## .# .##..


You could see a wraith.

Vanquished Creatures
  An orc warrior (D:7)
  A bullfrog (D:7)
  Blork the orc (D:4)
  A scorpion (D:7)
  Terence (D:2)
  3 gnolls (D:3)
  5 adders
  3 shadow imps
  2 worms
  A dart slug (D:1)
  9 orcs
  7 endoplasms
  4 giant cockroaches
  6 goblins
  5 hobgoblins
  2 jackals (D:1)
  6 kobolds
  3 quokkas
  9 ball pythons
  6 frilled lizards
  2 rats
78 creatures vanquished.

Vanquished Creatures (others)
  A fungus (D:2)
1 creature vanquished.

Grand Total: 79 creatures vanquished

Notes
Turn   | Place    | Note
-------+----------+-------------------------------------------
     0 | D:1      | qw the Gargoyle Fighter began the quest for the Orb.
     0 | D:1      | Reached XP level 1. HP: 14/14 MP: 1/1
     0 | D:1      | 0 ||| qw: Version: 0.2-a-10-g399e6c4
     0 | D:1      | 0 ||| qw: Game counter: 482
     0 | D:1      | 0 ||| qw: Always use a shield: true
     0 | D:1      | 0 ||| qw: God list: Okawaru
     0 | D:1      | 0 ||| qw: Allow faded altars: false
     0 | D:1      | 0 ||| qw: Do Orc after D:15 true
     0 | D:1      | 0 ||| qw: Do second Lair branch before Depths: true
     0 | D:1      | 0 ||| qw: Lair rune preference: random
     0 | D:1      | 0 ||| qw: Plans: Normal, Zot:1-4, God:TSO, Crypt, Tomb,
                  | Pan, Slime:5, Hells, Abyss, Orb
     0 | D:1      | 0 ||| PLANNING D:1-11
    22 | D:1      | Reached skill level 2 in Axes
   306 | D:1      | Reached XP level 2. HP: 19/19 MP: 2/2
   439 | D:1      | 439 ||| DROPPING +0 club.
   492 | D:1      | 492 ||| Stepping ~*~*~tactically~*~*~ (stealth).
   493 | D:1      | 493 ||| Stepping ~*~*~tactically~*~*~ (stealth).
   494 | D:1      | 494 ||| Stepping ~*~*~tactically~*~*~ (stealth).
   495 | D:1      | 495 ||| Stepping ~*~*~tactically~*~*~ (stealth).
   498 | D:1      | 498 ||| Stepping ~*~*~tactically~*~*~ (stealth).
   539 | D:1      | Reached skill level 3 in Axes
   583 | D:1      | 583 ||| Stepping ~*~*~tactically~*~*~ (stealth).
   597 | D:1      | Reached XP level 3. HP: 20/23 MP: 3/3
   653 | D:1      | Found a faded altar of an unknown god.
   866 | D:1      | 866 ||| Stepping ~*~*~tactically~*~*~ (stealth).
  1138 | D:1      | 1138 ||| UPGRADING to ring of resist corrosion.
  1139 | D:1      | 1139 ||| READING scroll labelled YCWOD SONN.
  1140 | D:1      | 1140 ||| DRINKING 2 bubbling coppery potions.
  1141 | D:1      | 1141 ||| DROPPING scroll of immolation.
  1474 | D:2      | Found a runed translucent door.
  1475 | D:2      | Noticed Crazy Yiuf
  1617 | D:2      | Noticed Terence
  1628 | D:2      | Killed Terence
  1629 | D:2      | Reached skill level 4 in Axes
  1629 | D:2      | Reached XP level 4. HP: 28/28 MP: 4/4
  1911 | D:2      | 1911 ||| READING 2 scrolls labelled QUULUC QESAI.
  1981 | D:2      | 1981 ||| READING scroll labelled JITEHURIOH.
  1982 | D:2      | 1982 ||| READING scroll labelled PITWUC YTIMA.
  2034 | D:2      | 2034 ||| READING 2 scrolls labelled MEL KOUCEOTIJU.
  2035 | D:2      | 2035 ||| READING 3 scrolls of identify.
  2035 | D:2      | 2035 ||| IDENTIFYING puce potion
  2036 | D:2      | 2036 ||| READING 2 scrolls of identify.
  2036 | D:2      | 2036 ||| IDENTIFYING murky dark potion
  2037 | D:2      | 2037 ||| DROPPING potion of invisibility.
  2038 | D:2      | 2038 ||| DROPPING scroll of vulnerability.
  2098 | D:3      | 2098 ||| Stepping ~*~*~tactically~*~*~ (stealth).
  2301 | D:3      | Identified the +2 robe of Iroewicw {rF++ Int-3}
  2347 | D:3      | Found an ornate altar of the Wu Jian Council.
  2347 | D:3      | Found a bloodstained altar of Trog.
  2484 | D:3      | Reached XP level 5. HP: 29/32 MP: 5/5
  2713 | D:3      | Reached skill level 5 in Axes
  2911 | D:3      | 2911 ||| UPGRADING to +1 pair of boots.
  2916 | D:3      | 2916 ||| READING scroll labelled LUASIR JAEMMABRISU.
  2917 | D:3      | 2917 ||| READING scroll labelled UNLERUD ICIA.
  2918 | D:3      | 2918 ||| DRINKING 3 fizzy red potions.
  2918 | D:3      | Gained mutation: You are covered in fur. (AC +1) [potion of
                  | mutation]
  2918 | D:3      | Gained mutation: Your mind is acute. (Int +4, Str/Dex -1)
                  | [potion of mutation]
  2919 | D:3      | 2919 ||| READING 2 scrolls of identify.
  2919 | D:3      | 2919 ||| IDENTIFYING viscous silvery potion
  2942 | D:4      | 2942 ||| PLANNING SEWER
  2955 | D:4      | Identified the +7 whip of Tender Mercy {antimagic, rF+
                  | Int+4 Dex+3}
  2957 | D:4      | 2957 ||| DROPPING +0 whip.
  2990 | D:4      | 2990 ||| Stepping ~*~*~tactically~*~*~ (stealth).
  2994 | D:4      | 2994 ||| Stepping ~*~*~tactically~*~*~ (stealth).
  2996 | D:4      | 2996 ||| Stepping ~*~*~tactically~*~*~ (stealth).
  3002 | D:4      | 3002 ||| Stepping ~*~*~tactically~*~*~ (stealth).
  3123 | D:4      | Found a glowing silver altar of Zin.
  3127 | D:4      | Found a white marble altar of Elyvilon.
  3128 | D:4      | Found a glowing golden altar of the Shining One.
  3145 | D:4      | Noticed Blork the orc
  3151 | D:4      | HP: 6/33 [Blork the orc/+3 vorpal dire flail (4)]
  3152 | D:4      | 3152 ||| READING scroll of teleportation.
  3152 | D:4      | HP: 1/33 [Blork the orc/puff of flame (5)]
  3153 | D:4      | 3153 ||| DRINKING potion of heal wounds.
  3384 | D:4      | Killed Blork the orc
  3385 | D:4      | Reached XP level 6. HP: 14/39 MP: 6/6
  3607 | D:4      | 3607 ||| RIP SEWER
  3633 | D:4      | 3633 ||| PLANNING D:1-11
  3713 | D:4      | You fall into a shaft and drop 3 floors!
  3719 | D:7      | 3719 ||| Stepping ~*~*~tactically~*~*~ (hiding).
  3752 | D:7      | 3752 ||| Stepping ~*~*~tactically~*~*~ (hiding).
  3755 | D:7      | 3755 ||| Stepping ~*~*~tactically~*~*~ (hiding).
  3762 | D:7      | 3762 ||| Stepping ~*~*~tactically~*~*~ (stealth).
  3763 | D:7      | 3763 ||| Stepping ~*~*~tactically~*~*~ (stealth).
  3765 | D:7      | 3765 ||| Stepping ~*~*~tactically~*~*~ (stealth).
  3769 | D:7      | 3769 ||| Stepping ~*~*~tactically~*~*~ (stealth).
  3825 | D:7      | Noticed an orc warrior
  3826 | D:7      | 3826 ||| Stepping ~*~*~tactically~*~*~ (stealth).
  3833 | D:7      | Killed an orc warrior
  3834 | D:7      | Reached skill level 6 in Axes
  3835 | D:7      | Reached XP level 7. HP: 35/44 MP: 7/7
  3924 | D:7      | Reached skill level 1 in Dodging
  3939 | D:7      | Noticed a wraith
  3952 | D:7      | HP: 8/44 [wraith (7)]
  3953 | D:7      | Slain by a wraith

Levels and vault maps discovered:
D:1:      dpeg_arrival_oval, layout_basic, hellmonk_ecumenical_altar_blasted
D:2:      layout_loops_ring, uniq_terence, uniq_crazy_yiuf_cottage
D:3:      layout_loops_ring, gammafunk_temple_overflow_statue,
          kennysheep_generic_room_13
D:4:      layout_loops_corners, good_gods_temple_1, portal_sewer_entry_f,
          nicolae_elevator_lobby_asterisk, uniq_blork_the_orc
D:7:      layout_cave_pools, serial_shops, nicolae_stop_n_shop_2, minmay_puff

Skill      XL: |  1  2  3  4  5  6  7 |
---------------+----------------------+-----
Axes           | 2 3 4 5 6 |  6.0
Fighting       | 4 |  4.6
Dodging        | 1 |  1.3
Armour         | |  3.2
Shields        | |  3.2

Action                   |  1- 3 |  4- 6 |  7- 9 || total
-------------------------+-------+-------+-------++-------
Melee: War axe           |    99 |   102 |    22 ||   223
Throw: Boomerang         |       |    35 |     5 ||    40
  Use: Scroll            |     1 |    10 |       ||    11
       Potion            |     1 |     2 |       ||     3
Armor: Scale mail        |    46 |    41 |    15 ||   102
Dodge: Dodged            |    34 |    47 |     5 ||    86
Block: Buckler           |    16 |    15 |     3 ||    34

Table legend:
 A = Non-vault XP
 B = Vault XP
 C = Vault XP percentage of total XP
 D = Non-vault monster count
 E = Vault monster count
 F = Vault count percentage of total count
                 A         B        C        D         E       F
            +---------+---------+-------+---------+---------+-------
      Total |     576 |     129 |  18.3 |      75 |       3 |   3.8
            +---------+---------+-------+---------+---------+-------
        D:1 |      49 |       0 |   0.0 |      27 |       0 |   0.0
        D:2 |      48 |      36 |  42.9 |      13 |       1 |   7.1
        D:3 |     101 |       3 |   2.9 |      17 |       1 |   5.6
        D:4 |      34 |      90 |  72.6 |      10 |       1 |   9.1
        D:7 |     344 |       0 |   0.0 |       8 |       0 |   0.0
            +---------+---------+-------+---------+---------+-------
